 Dungeon Crawl Stone Soup version 0.31-a0-851-g7ff8af7976 (webtiles) character file.

Game seed: 9886173905035832231

3812 Schnaeble the Basher (level 9, -9/76 (84) HPs)
             Began as a Minotaur Monk on Oct 5, 2023.
             Was a Priest of Lugonu.
             Mangled by a wight
             ... wielding a +0 long sword
              (11 damage)
             ... on level 8 of the Dungeon.
             The game lasted 00:10:56 (5717 turns).

Schnaeble the Basher (Minotaur Monk)                Turns: 5717, Time: 00:10:57

HP:   -9/76 (84)    AC:  3    Str: 16 (17) XL:     9   Next: 97%
MP:   8/8           EV: 19    Int:  7      God:    Lugonu [***...]
Gold: 170           SH:  0    Dex: 13 (16) Spells: 8/8 levels left

rFire   . . .        x - +6 whip (freeze)
rCold   . . .        d - orb {light}
rNeg    . . .        b - +1 robe
rPois   .            (helmet restricted)
rElec   .            (no cloak)
rCorr   .            (no gloves)
SInv    .            (no boots)
Will    .....        u - amulet of regeneration
Stlth   +            g - +5 ring of evasion
HPRegen 1.12/turn    (no ring)
MPRegen 0.11/turn

%: no passive effects
@: about to teleport, glowing, drained
A: horns 2, retaliatory headbutt
a: Renounce Religion, Depart the Abyss, Banish


You were on level 8 of the Dungeon.
You worshipped Lugonu.
Lugonu was most pleased with you.
You visited 1 branch of the dungeon, and saw 8 of its levels.
You visited the Abyss 1 time.
You also visited: Sewer.

You collected 434 gold pieces.
You spent 264 gold pieces at shops.

Inventory:

Hand Weapons
 a - a +0 mace
 x - a +6 whip of freezing (weapon)
Missiles
 k - 3 throwing nets
Armour
 b - a +1 robe (worn)
 d - an orb of light (worn)
Jewellery
 g - a +5 ring of evasion (left hand)
 j - an amulet of magic regeneration
 u - an amulet of regeneration (around neck)
 F - a +6 ring of strength
 G - an amulet of the acrobat
 H - a ring of willpower
Wands
 l - a wand of flame (23)
 r - a wand of roots (11)
 v - a wand of charming (8)
Scrolls
 e - 11 scrolls of identify {unknown}
 h - a scroll of amnesia
 i - 4 scrolls of poison
 n - 4 scrolls of vulnerability
 p - 2 scrolls of fear
 w - a scroll of revelation
 y - a scroll of immolation
 z - 2 scrolls of fog
 A - 4 scrolls of teleportation
Potions
 c - a potion of ambrosia
 f - 3 potions of curing
 m - a potion of might {unknown}
 o - a potion of attraction {unknown}
 q - 3 potions of degeneration
 s - a potion of resistance
 t - a potion of heal wounds {unknown}
 B - a potion of mutation {unknown}
 C - 2 potions of brilliance {unknown}
 D - a potion of invisibility {unknown}
 E - a potion of haste {unknown}


   Skills:
 + Level 9.6 Fighting
 - Level 12.2 Maces & Flails
 * Level 3.3 Armour
 * Level 5.5 Dodging
 - Level 4.0 Stealth
 + Level 2.0 Evocations


You had 8 spell levels left.
You didn't know any spells.
Your spell library contained the following spells:

 Spells                   Type           Power      Damage    Failure   Level
 Poisonous Vapours        Pois/Air       0%         N/A       56%         2
 Static Discharge         Conj/Air       0%         2-2/arc   56%         2
 Dazzling Flash           Conj/Hex       0%         N/A       80%         3
 Mephitic Cloud           Conj/Pois/Air  0%         N/A       80%         3
 Volatile Blastmotes      Fire/Tloc      0%         2d10      80%         3
 Airstrike                Air            0%         2d(0-16)  99%         4
 Summon Lightning Spire   Summ/Air       0%         N/A       99%         4
 Freezing Cloud           Conj/Ice/Air   0%         6-21      100%        5
 Starburst                Conj/Fire      0%         6d3       100%        6
 Maxwell's Capacitive Co  Air            0%         ∞         100%        8


Dungeon Overview and Level Annotations

Branches:
Dungeon (8/15)             Temple (0/1) D:7           Sewer (visited)
   Lair: D:8-11

Altars:
Gozag
Nemelex Xobeh

Shops:
D:3 *   D:6 *   D:8 *


Innate Abilities, Weirdness & Mutations

You have a pair of horns on your head.
You reflexively headbutt those who attack you in melee.


Message History

You hit the wight.
You destroy the wight!
Lugonu accepts your kill.
You hit the wight.
The wight is severely damaged.
The wight hits you from afar with a +3 spear!
You feel drained.
The wight hits you with a +0 great sword!
You are too injured to fight recklessly!
You are too injured to fight recklessly!
You are confused.
You feel invigorated.
You bump into the rock wall.
The wight hits you with a +1 great sword!!
* * * LOW HITPOINT WARNING * * *
You feel drained.
* * * LOW HITPOINT WARNING * * *
You bump into the rock wall.
The wight hits you with a +1 great sword!
* * * LOW HITPOINT WARNING * * *
You feel drained.
* * * LOW HITPOINT WARNING * * *
You are too confused!
You feel better.
You feel less invigorated.
The wight hits you with a +1 great sword!
* * * LOW HITPOINT WARNING * * *
The wight barely misses you. The wight completely misses you.
You barely miss the wight.
Okay, then.
You feel better.
The wight hits you with a +1 great sword!
* * * LOW HITPOINT WARNING * * *
The wight misses you. The wight closely misses you.
Okay, then.
As you read the scroll of teleportation, it crumbles to dust.
You feel strangely unstable.
The wight hits you with a +1 great sword!
* * * LOW HITPOINT WARNING * * *
The wight hits you with a +0 long sword!
You die...

#......# #..#
#......## ##.#
#.......# ##.
#.#.....## #.
#.##.....# ### ##
#. ##..).## #..#
###. ##....#
...## #... ##...#
..[.# #...
#@z.##....# ##..
##zz.#....## #..
.......#z.#.....#
#..
.......##.......#
##. .......
##......# #...
....... #).....#
#.## .......
##.....# #...
....... ......#
#... .......
#.....# #..


You could see 4 wights.

Vanquished Creatures
  A two-headed ogre (D:6)
  Psyche (D:8)
  Grinder (D:4)
  A water moccasin (D:6)
  Duvessa (D:4)
  A sky beast (D:6)
  2 ice beasts
  A centaur (D:6)
  4 phantoms
  6 kobold brigands
  A bullfrog (D:7)
  2 scorpions
  Dowan (D:4)
  A ballistomycete (D:8)
  A wight (D:8)
  7 howler monkeys
  A gnoll bouda (D:7)
  3 orc priests (D:7)
  2 hounds (D:6)
  4 jellies
  Crazy Yiuf (D:2)
  Jessica (D:2)
  4 sleepcaps
  Ijyb (D:5)
  3 iguanas
  Robin (D:4)
  12 gnolls
  7 adders
  2 river rats (Sewer)
  A shadow imp (D:5)
  A white imp (D:7)
  An ufetubus (D:4)
  6 worms
  3 dart slugs
  11 orcs
  5 bats
  13 endoplasms
  6 giant cockroaches
  11 goblins
  11 hobgoblins
  13 kobolds
  8 quokkas
  6 ball pythons
  4 frilled lizards
  7 rats
181 creatures vanquished.

Notes
Turn   | Place    | Note
-------+----------+-------------------------------------------
     0 | D:1      | Schnaeble the Minotaur Monk began the quest for the Orb.
     0 | D:1      | Reached XP level 1. HP: 19/19 MP: 0/0
   162 | D:1      | Reached skill level 4 in Maces & Flails
   164 | D:1      | Reached XP level 2. HP: 24/27 MP: 1/1
   637 | D:2      | Noticed Jessica
   647 | D:2      | Killed Jessica
   648 | D:2      | Reached skill level 5 in Maces & Flails
   648 | D:2      | Reached XP level 3. HP: 34/34 MP: 2/2
   745 | D:2      | Found a runed translucent door.
   746 | D:2      | Noticed Crazy Yiuf
   901 | D:2      | Reached XP level 4. HP: 41/41 MP: 3/3
  1040 | D:2      | Killed Crazy Yiuf
  1295 | D:3      | Found Ror Hym's Assorted Antiques.
  1310 | D:3      | Identified the +6 whip "Dacraibba" {heavy, rPois Int+2}
  1470 | D:3      | Found a faded altar of an unknown god.
  1480 | D:3      | Reached skill level 6 in Maces & Flails
  1533 | D:3      | Reached XP level 5. HP: 47/47 MP: 4/4
  1741 | D:3      | Reached skill level 5 in Fighting
  2030 | D:4      | Reached skill level 7 in Maces & Flails
  2099 | D:4      | Noticed Grinder
  2103 | D:4      | Paralysed by Grinder for 5 turns
  2114 | D:4      | Killed Grinder
  2115 | D:4      | Reached skill level 8 in Maces & Flails
  2115 | D:4      | Reached skill level 1 in Stealth
  2115 | D:4      | Reached XP level 6. HP: 45/56 MP: 5/5
  2173 | D:4      | Noticed Robin
  2181 | D:4      | Killed Robin
  2265 | D:4      | Noticed Dowan
  2265 | D:4      | Noticed Duvessa
  2276 | D:4      | Killed Duvessa
  2277 | D:4      | Reached XP level 7. HP: 61/61 MP: 6/6
  2282 | D:4      | Killed Dowan
  2308 | D:4      | Found an opulent altar of Gozag.
  2447 | D:4      | Reached skill level 9 in Maces & Flails
  2636 | D:4      | Found a sparkling altar of Nemelex Xobeh.
  2745 | D:5      | Entered Level 5 of the Dungeon
  2884 | D:5      | Noticed Ijyb
  2889 | D:5      | Killed Ijyb
  3149 | D:5      | Found a glowing drain.
  3168 | Sewer    | Entered a sewer
  3477 | Sewer    | Reached XP level 8. HP: 71/71 MP: 7/7
  3503 | Sewer    | Reached skill level 10 in Maces & Flails
  3631 | Sewer    | Reached skill level 1 in Evocations
  4253 | D:6      | Reached skill level 11 in Maces & Flails
  4266 | D:6      | Found Rohedos's Assorted Antiques.
  4274 | D:6      | Bought a scratched granite ring for 160 gold pieces
  4363 | D:6      | Noticed a two-headed ogre
  4370 | D:6      | Killed a two-headed ogre
  4371 | D:6      | Reached skill level 12 in Maces & Flails
  4371 | D:6      | Reached XP level 9. HP: 81/81 MP: 8/8
  4642 | D:7      | Found a staircase to the Ecumenical Temple.
  4690 | D:7      | Reached skill level 1 in Armour
  5328 | D:8      | Found Ritiu's General Store.
  5335 | D:8      | Bought a scroll of brand weapon for 104 gold pieces
  5466 | D:8      | Reached skill level 5 in Dodging
  5535 | D:8      | Noticed Psyche
  5563 | Abyss:1  | Cast into level 1 of the Abyss (Psyche)
  5611 | Abyss:3  | Noticed a smoke demon
  5611 | Abyss:3  | Noticed a smoke demon
  5617 | Abyss:3  | Found a corrupted altar of Lugonu.
  5624 | Abyss:3  | Became a worshipper of Lugonu the Unformed
  5624 | Abyss:3  | Reached * piety under Lugonu
  5624 | Abyss:3  | Reached ** piety under Lugonu
  5624 | Abyss:3  | Reached *** piety under Lugonu
  5625 | D:8      | Escaped the Abyss
  5627 | D:8      | Killed Psyche
  5717 | D:8      | HP: 2/76 [wight/+1 great sword (8)]
  5717 | D:8      | Mangled by a wight

Illustrated notes

Levels and vault maps discovered:
D:1:      dpeg_arrival_boxes_within_box, layout_basic
D:2:      layout_rooms, uniq_crazy_yiuf_cottage, uniq_jessica
D:3:      layout_basic, ebering_ecumenical_altar_petrified, serial_shops,
          nicolae_shop_gibbet_a_chance, minmay_bisected
D:4:      layout_loops_ring, nemelex_spade_bored_becter, grunt_gozag_statues,
          uniq_robin, uniq_duvessa, uniq_grinder
D:5:      layout_rooms, portal_sewer_entry_f, uniq_ijyb
D:6:      layout_basic, serial_shops, shop
D:7:      layout_loops_ring, minmay_temple_entry_hall
D:8:      layout_cave_pods, nzn_overflow_gifts_of_might_and_magic,
          kennysheep_mini_moat, serial_shops, nicolae_shop_crystal, uniq_psyche

Skill      XL: |  1  2  3  4  5  6  7  8  9 |
---------------+----------------------------+-----
Maces & Flails | 4 5 6 8 9 12 | 12.2
Fighting       | 4 5 6 8 9 |  9.6
Stealth        | 1 2 3 4 |  4.0
Evocations     | 1 2 |  2.0
Armour         | 3 |  3.3
Dodging        | 5 |  5.5

Action                     |  1- 3 |  4- 6 |  7- 9 || total
---------------------------+-------+-------+-------++-------
  Melee: Mace              |    51 |    70 |       ||   121
         Headbutt          |     9 |    25 |    73 ||   107
         Whip              |       |    33 |   322 ||   355
         Unarmed           |       |       |     8 ||     8
 Invoke: Depart the Abyss  |       |       |     1 ||     1
  Evoke: Wand              |       |     5 |     1 ||     6
    Use: Potion            |       |     1 |     6 ||     7
         Scroll            |       |     8 |     8 ||    16
   Stab: Sleeping          |       |       |     1 ||     1
 Armour: Robe              |    15 |    27 |    89 ||   131
         Skin              |       |       |     9 ||     9
  Dodge: Dodged            |    39 |    77 |   157 ||   273

Table legend: (Time is in decaauts)
 A = Elapsed time spent in this place.
 B = Non-inter-level travel time spent in this place.
 C = Inter-level travel time spent in this place.
 D = Time resting spent in this place.
 E = Time spent auto-exploring this place.
 F = Levels seen in this place.
 G = Mean time per level.
                   A        B        C        D        E       F      G
               +--------+--------+--------+--------+--------+-----+--------+
         Total |   5725 |   5547 |    178 |      0 |   4413 |  12 |  477.1 |
       Dungeon |   4948 |   4770 |    178 |      0 |   3923 |   8 |  618.5 |
         Abyss |     61 |     61 |      0 |      0 |      0 |   3 |   20.3 |
         Sewer |    716 |    716 |      0 |      0 |    490 |   1 |  716.0 |
               +--------+--------+--------+--------+--------+-----+--------+

Top non-repeatable levels by time:
     D:3: 936 daAuts
     D:6: 771 daAuts
   Sewer: 716 daAuts
     D:4: 711 daAuts
     D:7: 613 daAuts
     D:1: 589 daAuts
     D:2: 510 daAuts
     D:5: 445 daAuts
     D:8: 370 daAuts
 Abyss:2: 21 daAuts
 Abyss:3: 20 daAuts
 Abyss:1: 18 daAuts
